 Dungeon Crawl Stone Soup version 0.22-a0-601-gb0ed703 (webtiles) character file.

400 sking99 the Ruffian (level 6, -8/50 HPs)
             Began as a Draconian Transmuter on July 6, 2018.
             Mangled by an ice beast (9 damage)
             ... on level 4 of the Dungeon.
             The game lasted 00:06:24 (3404 turns).

sking99 the Ruffian (Draconian Transmuter)          Turns: 3404, Time: 00:06:25

Health: -8/50      AC:  6    Str: 13    XL:     6   Next: 54%
Magic:  4/9        EV: 12    Int: 14    God:
Gold:   161        SH:  0    Dex: 12    Spells: 6/9 levels left

rFire    . . .     SeeInvis .     - Unarmed
rCold    . . .     Gourm    .   (no shield)
rNeg     . . .     Faith    .   (armour unavailable)
rPois    .         Spirit   .   (helmet restricted)
rElec    .         Reflect  .   (no cloak)
rCorr    .         Harm     .   (no gloves)
MR       .....                  (no boots)
Stlth    +.........             (no amulet)
HPRegen  0.16/turn              (no ring)
MPRegen  0.11/turn              (no ring)

@: no status effects
A: unfitting armour, cold-blooded, AC +6
a: no special abilities


You were on level 4 of the Dungeon.
You were very hungry.

You visited 1 branch of the dungeon, and saw 4 of its levels.

You collected 161 gold pieces.

Inventory:

Missiles
 a - an arrow (quivered)
Jewellery
 j - an uncursed ring of wizardry {unknown}
 o - an uncursed ring of protection from cold {unknown}
Scrolls
 d - a scroll of amnesia
 f - a scroll of fog
 g - 5 scrolls of identify
 i - a scroll of noise {unknown}
 k - a scroll of blinking {unknown}
 n - a scroll of remove curse {unknown}
Potions
 b - a potion of flight {unknown}
 e - a potion of haste {unknown}
 l - a potion of curing {unknown}
 p - a potion of agility
Comestibles
 c - 6 rations


   Skills:
 - Level 2.6 Fighting
 - Level 1.7 Dodging
 * Level 6.3 Unarmed Combat
 - Level 2.0 Spellcasting
 + Level 3.6 Transmutations


You had 6 spell levels left.
You knew the following spells:

 Your Spells              Type           Power        Failure   Level  Hunger
a - Beastly Appendage     Tmut           ##....       5%          1    ##.....
b - Sticks to Snakes      Tmut           ##......     9%          2    ###....

Your spell library contained the following spells:

 Spells                   Type           Power        Failure   Level  Hunger
 Spider Form              Tmut/Pois      #.........   34%         3    ####...
 Blade Hands              Tmut           ##........   83%         5    ######.
 Ice Form                 Ice/Tmut       #.......     75%         4    #####..


Dungeon Overview and Level Annotations

Branches:
Dungeon (4/15)
 Temple: D:4-7

Altars:
Xom
Yredelemnul


Innate Abilities, Weirdness & Mutations

Your plain brown scales are hard. (AC +6)
You cannot fit into any form of body armour.
You are cold-blooded and may be slowed by cold attacks.


Message History

The ice beast closely misses you. The quokka bites your ball python.
Your ball python dies!
Casting: Sticks to Snakes (safe; 9% risk of failure)
Confirm with . or Enter, or press ? or * to list all spells.
You create a snake!
You now have 1 arrow.
The quokka bites your ball python. The quokka bites your ball python.
Your ball python dies!
The ice beast hits you but does no damage.
As you read the scroll labeled RYETENG PUPO, it crumbles to dust.
It is a scroll of identify.
f - a scroll of fog The ice beast hits you but does no damage.
Okay, then.
As you read the scroll labeled ESUSIGROTU, it crumbles to dust.
The dust glows mottled magenta!
It was a scroll of random uselessness.
The ice beast hits you.
* * * LOW HITPOINT WARNING * * *
The ice beast freezes you!
You die...

............................
..###......##........#....(.
.# ###.######.#####.#..... .
#.# #.#...#.#.... . #.#
#.#.#.#.#r# #.# #.#.#r#...#
#.# #.#r#.#[..# #.#
#Y#.#...# #.# #@#.....# ###
######..# ..# #.# .. ...
....


You could see an ice beast and a quokka.

Vanquished Creatures
  Sigmund (D:3)
  A hound (D:4)
  An orc priest (D:3)
  3 gnolls
  6 adders
  An ooze (D:1)
  3 dart slugs
  3 leopard geckos
  10 orcs (D:3)
  A giant cockroach (D:3)
  3 goblins (D:1)
  9 hobgoblins
  4 jackals (D:1)
  A quokka (D:3)
  4 bats
  A frilled lizard (D:2)
  6 kobolds
  7 rats
65 creatures vanquished.

Vanquished Creatures (collateral kills)
  An ogre (D:4)
  An orc (D:3)
  A bat (D:3)
3 creatures vanquished.

Grand Total: 68 creatures vanquished

Notes
Turn   | Place    | Note
-------+----------+-------------------------------------------
     0 | D:1      | sking99 the Draconian Transmuter began the quest for the Orb.
     0 | D:1      | Reached XP level 1. HP: 16/16 MP: 3/3
   137 | D:1      | Reached XP level 2. HP: 8/23 MP: 3/5
   835 | D:1      | Reached XP level 3. HP: 18/29 MP: 6/6
   853 | D:1      | Learned a level 2 spell: Sticks to Snakes
   980 | D:2      | Found a shimmering altar of Xom.
  1038 | D:2      | Reached skill level 4 in Unarmed Combat
  1338 | D:2      | Reached XP level 4. HP: 28/37 MP: 5/7
  1999 | D:3      | Found a basalt altar of Yredelemnul.
  2258 | D:3      | Reached skill level 5 in Unarmed Combat
  2416 | D:3      | Reached XP level 5. HP: 42/42 MP: 8/8
  2902 | D:3      | Noticed Sigmund
  2913 | D:3      | Killed Sigmund
  2913 | D:3      | Reached XP level 6. HP: 30/50 MP: 3/9
  3089 | D:4      | Reached skill level 6 in Unarmed Combat
  3351 | D:4      | Noticed an ice beast
  3394 | D:4      | HP: 2/50 [ice beast (6)]
  3404 | D:4      | HP: 1/50 [ice beast (2)]
  3404 | D:4      | Mangled by an ice beast

Vault maps used:
D:1:      minmay_arrival_glassed_features, minmay_distorted
D:2:      xom_teletrap_fun, kennysheep_pointless_box, minmay_misc_feat_encased,
          serial_park_tiny_2
D:3:      wad_lake_hut, overflow_temple_1_default, uniq_sigmund
D:4:      lemuel_round_altar, first_ration, serial_co_window_serial,
          co_window_of_opportunity_a, co_window_corner_a, co_window_corner_a,
          co_window_paths_b, co_window_paths_a, co_window_corner_a,
          co_window_corner_a, co_window_corner_cb, co_window_corner_ca,
          co_window_corner_cb, co_window_broadway_b, co_window_broadway_a,
          co_window_paths_e, glass_columns_c, glass_columns_a, glass_columns_b,
          glass_columns_b, uniq_eustachio

Skill      XL: |  1  2  3  4  5  6 |
---------------+-------------------+-----
Fighting       | 2 |  2.6
Unarmed Combat | 4 5 6 |  6.3
Transmutations | 3 |  3.6
Dodging        | |  1.7
Spellcasting   | |  2.0

Action                   |  1- 3 |  4- 6 || total
-------------------------+-------+-------++-------
Melee: Unarmed           |    98 |   135 ||   233
       Tailslap          |    12 |     9 ||    21
       Headbutt          |     7 |       ||     7
       Punch             |     1 |     1 ||     2
       Kick              |       |     1 ||     1
 Cast: Beastly Appendage |     8 |     5 ||    13
       Sticks to Snakes  |       |    11 ||    11
  Use: Scroll            |       |     3 ||     3
  Eat: Chunk             |     2 |     6 ||     8
Armor: Skin              |    30 |    29 ||    59
Dodge: Dodged            |    93 |    78 ||   171

Table legend:
 A = Spawn XP
 B = Non-spawn XP
 C = Spawn XP percentage of total XP
 D = Spawn monster count
 E = Non-spawn monster count
 F = Spawn count percentage of total count
 G = Total turns spent on level
                    A         B        C        D         E        F      G
               +---------+---------+-------+---------+---------+-------+---------
         Total |       0 |     572 |   0.0 |       0 |      68 |   0.0 |  3404
               +---------+---------+-------+---------+---------+-------+---------
           D:1 |       0 |      58 |   0.0 |       0 |      22 |   0.0 |  1197
           D:2 |       0 |      47 |   0.0 |       0 |      13 |   0.0 |   467
           D:3 |       0 |     329 |   0.0 |       0 |      30 |   0.0 |  1409
           D:4 |       0 |     138 |   0.0 |       0 |       3 |   0.0 |   331
               +---------+---------+-------+---------+---------+-------+---------
